[Event "Titled Tuesday Blitz December 27 Late 2022"]
[White "Albertini, Luca"]
[Black "Garcia, Gabriel Gonzaga"]
[WhiteFideId "847038"]
[BlackFideId "2138956"]
[WhiteElo "2084"]
[BlackElo "2091"]
[Result "0-1"]
[Round "07"]
[TimeControl "180+2"]
[Date "2022.12.27"]
[WhiteClock "0:00:12"]
[BlackClock "0:00:27"]

1. e4 c6 2. d4 d5 3. e5 Bf5 4. h4 h5 5. Bd3 Bxd3 6. Qxd3 e6 7. Ne2 Be7 8. g3 c5 9. O-O Nc6 10. c4 cxd4 11. cxd5 Qxd5 12. Rd1 Rd8 13. Bf4 Nh6 14. Nd2 Ng4 15. Nb3 Ncxe5 16. Bxe5 Nxe5 17. Nf4 Nxd3 18. Nxd5 Rxd5 19. Rxd3 e5 20. f4 f6 21. Kg2 Kd7 22. Re1 Rc8 23. Re2 Bd6 24. Kf3 Rb5 25. fxe5 fxe5 26. Ke4 Rf8 27. a4 Rb4 28. a5 Rf1 29. Nd2 Rf6 30. Nf3 Rb5 31. Ng5 Rxa5 32. Rb3 b6 33. Rc2 Rc5 34. Re2 b5 35. Ra3 Bb8 36. Ra5 Kc7 37. b4 Rc3 38. Rxb5 Rxg3 39. Kd5 Rb6 40. Rc5+ Kd7 41. Ne4 Rgg6 42. Rf2 Rgd6+ 43. Nxd6 Rxd6+ 44. Kc4 d3 45. Rf7+ Ke6 46. Rf1 d2 47. Kc3 d1=Q 48. Rxd1 Rxd1 49. Rc8 Bd6 50. Ra8 Rc1+ 51. Kb2 Rc4 52. Rxa7 Rxb4+ 53. Kc2 Rxh4 54. Rxg7 Rg4 55. Rh7 h4 56. Kd3 Kd5 57. Ke3 Rg3+ 58. Kf2 Rg4 59. Kf3 Rf4+ 60. Ke3 e4 61. Rh5+ Be5 62. Rg5 Rf3+ 63. Ke2 h3 64. Rh5 h2 65. Rh4 Ra3 66. Rh7 Ra1 67. Rd7+ Bd6 68. Rh7 h1=Q 69. Rxh1 Rxh1 70. Kf2 Rh3 71. Ke2 Kd4 72. Kf2 Rh2+ 73. Kg1 Ke3 74. Kf1 Re2 75. Kg1 Kf3 76. Kf1 e3 77. Kg1 Rf2 78. Kh1 Kg3 79. Kg1 e2 80. Kh1 e1=R# 0-1


[Site "https://www.chess.com"]

[Event "Titled Tuesday Blitz December 27 Late 2022"]
[White "Araujo, Everson De Moura"]
[Black "Lutz, Igor Oscar"]
[WhiteFideId "22737197"]
[BlackFideId "2110806"]
[WhiteElo "1944"]
[BlackElo "1969"]
[Result "1-0"]
[Round "07"]
[TimeControl "180+2"]
[Date "2022.12.27"]
[WhiteClock "0:02:28"]
[BlackClock "0:02:55"]

1. c4 c6 2. Nf3 d5 3. e3 Nf6 4. b3 e6 5. Bb2 Be7 6. d4 Nbd7 7. Nbd2 O-O 8. Bd3 dxc4 9. bxc4 a6 10. O-O b5 11. a3 Bb7 12. Qe2 Qc7 13. e4 e5 14. dxe5 Nxe5 15. Bxe5 1-0


[Site "https://www.chess.com"]

[Event "Titled Tuesday Blitz December 27 Late 2022"]
[White "Arencibia Monduy, Antonio"]
[Black "Kho, Darrell"]
[WhiteFideId "3507939"]
[BlackFideId "1019317"]
[WhiteElo "2122"]
[BlackElo "2075"]
[Result "1-0"]
[Round "07"]
[TimeControl "180+2"]
[Date "2022.12.27"]
[WhiteClock "0:01:17"]
[BlackClock "0:00:32"]

1. c4 b6 2. Nc3 Bb7 3. e3 e6 4. d4 g6 5. Nf3 Bg7 6. Bd3 d6 7. O-O Nd7 8. e4 Ne7 9. Be3 h6 10. Qd2 Nf6 11. h3 a6 12. Rfe1 Qd7 13. Rad1 O-O-O 14. a4 g5 15. a5 g4 16. hxg4 Nxg4 17. axb6 cxb6 18. Ra1 Nxe3 19. Qxe3 h5 20. b4 Bh6 21. Qe2 Ng6 22. Qa2 Nf4 23. Bf1 Rdg8 24. c5 e5 25. Nh4 Qg4 26. Bxa6 Bxa6 27. Qxa6+ Kd8 28. Qxb6+ Ke8 29. Ra8+ 1-0


[Site "https://www.chess.com"]

[Event "Titled Tuesday Blitz December 27 Late 2022"]
[White "Avila Pavas, Santiago"]
[Black "Holt, Conrad"]
[WhiteFideId "4437128"]
[BlackFideId "2034387"]
[WhiteElo "2522"]
[BlackElo "2540"]
[Result "0-1"]
[Round "07"]
[TimeControl "180+2"]
[Date "2022.12.27"]
[WhiteClock "0:00:01"]
[BlackClock "0:00:06"]

1. d4 d5 2. Bf4 c5 3. e3 Nc6 4. c3 Qb6 5. Qb3 c4 6. Qc2 Nf6 7. Nd2 Bg4 8. Be2 e6 9. Bxg4 Nxg4 10. Ngf3 Be7 11. O-O O-O 12. e4 Qd8 13. Rae1 Nf6 14. Ne5 Nxe5 15. Bxe5 Nd7 16. exd5 exd5 17. Bg3 Nb6 18. Nf3 f6 19. Re6 Qd7 20. Rfe1 Rf7 21. Nh4 Bf8 22. Nf5 g6 23. Nd6 Re7 24. Rxe7 Bxe7 25. Nb5 Bf8 26. a4 Re8 27. Rxe8 Qxe8 28. h4 a6 29. Nc7 Qxa4 30. Qe2 Qd7 31. h5 Kf7 32. hxg6+ hxg6 33. Qe3 Nc8 34. Qf3 Ne7 35. Be5 Bg7 36. Bh2 Bh6 37. g4 Bc1 38. Be5 Qc6 39. Kg2 Bxb2 40. g5 Nf5 41. Qh3 fxe5 42. Qh7+ Ng7 0-1


[Site "https://www.chess.com"]

[Event "Titled Tuesday Blitz December 27 Late 2022"]
[White "Babazada, Khazar"]
[Black "Mekhitarian, Krikor Sevag"]
[WhiteFideId "13413554"]
[BlackFideId "2107660"]
[WhiteElo "2474"]
[BlackElo "2537"]
[Result "1-0"]
[Round "07"]
[TimeControl "180+2"]
[Date "2022.12.27"]
[WhiteClock "0:00:22"]
[BlackClock "0:00:04"]

1. Nf3 Nf6 2. c4 e6 3. g3 a6 4. Bg2 b5 5. b3 Bb7 6. O-O Be7 7. Bb2 O-O 8. Qc2 c5 9. Nc3 b4 10. Na4 d6 11. d4 cxd4 12. Bxd4 Nbd7 13. Rad1 Qc7 14. Ba1 d5 15. Nb2 Rac8 16. Ne1 dxc4 17. Nxc4 Bxg2 18. Nxg2 Nb6 19. Nge3 Nbd5 20. Qd3 Rfd8 21. Nxd5 Rxd5 22. Qf3 Rcd8 23. e3 h6 24. Rc1 Qb8 25. Rc2 a5 26. Rfc1 Qb5 27. Kg2 Rf5 28. Qe2 a4 29. e4 Rc5 30. f3 axb3 31. axb3 Ne8 32. Ra2 Bf6 33. Bxf6 Nxf6 34. Rd1 Rcc8 35. Ra7 Qc5 36. Rb7 Ne8 37. Qe1 Nd6 38. Rxb4 Nb5 39. Rxd8+ Rxd8 40. Ra4 Nd4 41. Qa5 Qxa5 42. Nxa5 e5 43. Nc4 f6 44. b4 Rc8 45. Ne3 Rc3 46. Nf5 Nxf3 47. Ra8+ Kf7 48. Ra7+ Kf8 49. b5 Rb3 50. b6 Ne1+ 51. Kf1 Nd3 52. b7 1-0


[Site "https://www.chess.com"]

[Event "Titled Tuesday Blitz December 27 Late 2022"]
[White "Bach, Matthias"]
[Black "Harish, Neeraj"]
[WhiteFideId "4603168"]
[BlackFideId "30958130"]
[WhiteElo "2214"]
[BlackElo "2232"]
[Result "1-0"]
[Round "07"]
[TimeControl "180+2"]
[Date "2022.12.27"]
[WhiteClock "0:01:13"]
[BlackClock "0:00:08"]

1. d4 d5 2. c4 e6 3. Nc3 Nf6 4. Nf3 Be7 5. g3 O-O 6. Bg2 dxc4 7. O-O c5 8. dxc5 Bxc5 9. Ne5 Nc6 10. Qxd8 Rxd8 11. Nxc4 Bd7 12. Be3 Bxe3 13. Nxe3 Rab8 14. Rfd1 Ne7 15. Nc4 Bc6 16. Ne5 Bxg2 17. Kxg2 Ned5 18. Nxd5 Nxd5 19. e4 Nf6 20. f3 h6 21. Kf2 Rbc8 22. Rac1 g6 23. Ke3 Kg7 24. Rc4 b5 25. Rxc8 Rxc8 26. Rd2 Rc1 27. h4 a5 28. Nd3 Rc8 29. Nf4 b4 30. Ne2 g5 31. hxg5 hxg5 32. Nd4 Rc5 33. Rc2 Rxc2 34. Nxc2 Nd7 35. b3 Kf6 36. Nd4 Nc5 37. Nc6 Nb7 38. Kd4 g4 39. f4 Kg7 40. Kc4 f5 41. e5 Kf7 42. Kb5 Ke8 43. Kb6 Nd8 44. Nxd8 Kxd8 45. Kc6 Ke7 46. Kc7 Ke8 47. Kd6 Kf7 48. Kd7 1-0


[Site "https://www.chess.com"]

[Event "Titled Tuesday Blitz December 27 Late 2022"]
[White "Balague Camps, Marc"]
[Black "Vargas, Mauricio"]
[WhiteFideId "2297914"]
[BlackFideId "4404572"]
[WhiteElo "2190"]
[BlackElo "2035"]
[Result "1-0"]
[Round "07"]
[TimeControl "180+2"]
[Date "2022.12.27"]
[WhiteClock "0:01:45"]
[BlackClock "0:01:28"]

1. d4 d5 2. c4 c6 3. cxd5 cxd5 4. Bf4 Nc6 5. e3 h5 6. Nc3 e6 7. h4 a6 8. Nh3 Nf6 9. Bd3 Ng4 10. f3 Nf6 11. Qe2 Bd6 12. Rd1 Bd7 13. Bxd6 Ng8 14. Qf2 Nge7 15. Ng5 g6 16. Bb1 Nc8 17. Ba3 b5 18. Bc5 b4 19. Ne2 Qa5 20. b3 N8a7 21. Bd6 Nb5 22. Qg3 Na3 23. Nxf7 Kxf7 24. Qxg6# 1-0


[Site "https://www.chess.com"]

[Event "Titled Tuesday Blitz December 27 Late 2022"]
[White "Baskakov, Egor"]
[Black "Bryakin, Mikhail"]
[WhiteFideId "24197866"]
[BlackFideId "4165314"]
[WhiteElo "2215"]
[BlackElo "2455"]
[Result "1/2-1/2"]
[Round "07"]
[TimeControl "180+2"]
[Date "2022.12.27"]
[WhiteClock "0:02:09"]
[BlackClock "0:02:11"]

1. e4 d5 2. exd5 Qxd5 3. Nf3 Nc6 4. Be2 Bg4 5. Nc3 Qd7 6. h3 Bxf3 7. Bxf3 O-O-O 8. O-O Nd4 9. d3 Nxf3+ 10. Qxf3 Nf6 11. Re1 e6 12. Bg5 Be7 13. Re2 h6 14. Bh4 Nd5 15. Bxe7 Nxc3 16. Bxd8 Nxe2+ 17. Qxe2 Rxd8 18. Rd1 Qd5 19. a3 a6 20. c3 h5 21. d4 g6 22. Re1 Qf5 1/2-1/2


[Site "https://www.chess.com"]

[Event "Titled Tuesday Blitz December 27 Late 2022"]
[White "Battlecruiser_Operational"]
[Black "Ballester Llagaria, Luis Eduardo"]
[BlackFideId "2297620"]
[WhiteElo "2417"]
[BlackElo "2298"]
[Result "1-0"]
[Round "07"]
[TimeControl "180+2"]
[Date "2022.12.27"]
[WhiteClock "0:00:52"]
[BlackClock "0:00:11"]

1. d4 d5 2. c4 dxc4 3. e3 Nf6 4. Bxc4 e6 5. Ne2 a6 6. a3 b5 7. Ba2 Bb7 8. O-O Nbd7 9. Nbc3 Bd6 10. b4 Bxh2+ 11. Kxh2 Ng4+ 12. Kg3 Qg5 13. e4 Ne3+ 14. Kf3 Nf6 15. fxe3 Qh5+ 16. Kf2 Qh4+ 17. g3 Qh2+ 18. Ke1 O-O-O 19. Rxf6 gxf6 20. Kd2 Rhg8 21. Kd3 f5 22. exf5 e5 23. Bxf7 exd4 24. exd4 Rg4 25. Be6+ Kb8 26. Be3 Bf3 27. Qg1 Qh5 28. Nf4 Qe8 29. Qf2 Qc6 30. Rc1 Be4+ 31. Nxe4 1-0


[Site "https://www.chess.com"]

[Event "Titled Tuesday Blitz December 27 Late 2022"]
[White "Beerdsen, Thomas"]
[Black "Denishev, Marat"]
[WhiteFideId "1030108"]
[BlackFideId "24131563"]
[WhiteElo "2507"]
[BlackElo "2255"]
[Result "1-0"]
[Round "07"]
[TimeControl "180+2"]
[Date "2022.12.27"]
[WhiteClock "0:01:35"]
[BlackClock "0:00:04"]

1. e4 Nf6 2. e5 Nd5 3. d4 d6 4. Nf3 dxe5 5. Nxe5 c6 6. Bd3 g6 7. h4 Bg7 8. h5 Nd7 9. hxg6 Nxe5 10. dxe5 hxg6 11. Rxh8+ Bxh8 12. Qe2 Nb4 13. Bc4 Bf5 14. Na3 Qa5 15. Bd2 Qc5 16. O-O-O O-O-O 17. g4 Be6 18. Bxe6+ fxe6 19. Qc4 Qxc4 20. Nxc4 Nd5 21. f4 b5 22. Na5 Kc7 23. g5 Bg7 24. Nb3 Rh8 25. Nc5 Kb6 26. Nxe6 Bf8 27. Be1 Nc7 28. Bf2+ c5 29. Bxc5+ Kc6 30. Nxc7 Kxc7 31. e6 Rh4 32. Bd4 Kc6 33. Be5 1-0


[Site "https://www.chess.com"]

[Event "Titled Tuesday Blitz December 27 Late 2022"]
[White "Bilan, Danila"]
[Black "Fernandez Guillen, Ernesto J."]
[WhiteFideId "24161918"]
[BlackFideId "3512428"]
[WhiteElo "2303"]
[BlackElo "2477"]
[Result "0-1"]
[Round "07"]
[TimeControl "180+2"]
[Date "2022.12.27"]
[WhiteClock "0:00:04"]
[BlackClock "0:01:01"]

1. d4 Nf6 2. Nf3 g6 3. Bg5 Bg7 4. c3 O-O 5. Nbd2 d5 6. e3 b6 7. Bd3 Bb7 8. Qe2 Ne4 9. Bf4 Nd7 10. h4 Re8 11. h5 e5 12. dxe5 Nxe5 13. Nxe5 Bxe5 14. Bxe5 Rxe5 15. hxg6 hxg6 16. O-O-O Qe7 17. Nf3 Rf5 18. Rh2 Kg7 19. Rdh1 Rg8 20. Rh7+ Kf8 21. Bxe4 dxe4 22. Nd4 Ra5 23. Qc4 Bd5 24. Qe2 Rxa2 25. Qg4 Ra1+ 26. Kd2 Rxh1 27. Rxh1 c5 28. Qc8+ Kg7 29. Qh3 cxd4 30. Qh6+ Kf6 31. Qf4+ Ke6 32. cxd4 Qb4+ 33. Ke2 Qc4+ 34. Kd1 Qd3+ 35. Ke1 Qb1+ 36. Ke2 Bc4+ 37. Kd2 Qxb2+ 38. Kd1 Bb3+ 39. Ke1 Qc1+ 40. Ke2 Qc2+ 0-1


[Site "https://www.chess.com"]

[Event "Titled Tuesday Blitz December 27 Late 2022"]
[White "Bjelobrk, Igor"]
[Black "Remolar Gallen, Jose"]
[WhiteFideId "4300726"]
[BlackFideId "2215187"]
[WhiteElo "2403"]
[BlackElo "2285"]
[Result "0-1"]
[Round "07"]
[TimeControl "180+2"]
[Date "2022.12.27"]
[WhiteClock "0:00:10"]
[BlackClock "0:00:09"]

1. Nf3 Nf6 2. c4 g6 3. Nc3 Bg7 4. e4 d6 5. d4 O-O 6. h3 e5 7. d5 Na6 8. Be3 Nc5 9. Nd2 a5 10. g4 Ne8 11. h4 Bf6 12. g5 Bh8 13. h5 f5 14. hxg6 hxg6 15. exf5 Bxf5 16. Qf3 Qd7 17. Nde4 Nxe4 18. Nxe4 Rf7 19. Bd3 Qa4 20. b3 Qb4+ 21. Bd2 Qb6 22. Qe3 Qxe3+ 23. Bxe3 b6 24. Kd2 Bg7 25. a3 Bf8 26. b4 Be7 27. Ng3 Bxd3 28. Kxd3 Ng7 29. Rh6 Nf5 30. Rxg6+ Kh7 31. Nxf5 Kxg6 32. Nh4+ Kg7 33. b5 Rh8 34. Rh1 Kg8 35. Ke4 Rfh7 36. Ng6 Rxh1 37. Nxe7+ Kf7 38. Nf5 R8h4+ 39. f4 exf4 40. Bxf4 Re1+ 41. Ne3 Kg6 42. Kf3 Rxf4+ 43. Kxf4 Rxe3 44. Kxe3 Kxg5 45. Ke4 Kg4 46. a4 Kg5 47. Kf3 Kf5 48. Ke3 Ke5 49. Kd3 Kf4 50. Kd4 Kf3 51. Kd3 Kf2 52. Ke4 Ke2 53. Kf5 Kd3 54. Ke6 Kxc4 55. Kd7 Kxd5 56. Kxc7 Kc5 0-1


[Site "https://www.chess.com"]

[Event "Titled Tuesday Blitz December 27 Late 2022"]
[White "Bok, Benjamin"]
[Black "Yuan, Qingyu"]
[WhiteFideId "1017063"]
[BlackFideId "8609772"]
[WhiteElo "2607"]
[BlackElo "2373"]
[Result "1-0"]
[Round "07"]
[TimeControl "180+2"]
[Date "2022.12.27"]
[WhiteClock "0:01:02"]
[BlackClock "0:00:07"]

1. d4 Nf6 2. c4 e6 3. Nc3 Bb4 4. Qc2 O-O 5. a3 Bxc3+ 6. Qxc3 d5 7. Bg5 c5 8. dxc5 d4 9. Qf3 Nbd7 10. e3 h6 11. Bxf6 Nxf6 12. O-O-O e5 13. Ne2 e4 14. Qf4 d3 15. Nc3 Qe7 16. f3 Qxc5 17. fxe4 Qxc4 18. e5 Qxf4 19. exf4 Ng4 20. Rd2 Bf5 21. h3 Ne3 22. g4 Nxf1 23. Rxf1 Bh7 24. f5 Rfe8 25. Re1 Rad8 26. Re3 g6 27. Ne4 Kh8 28. Nd6 Re7 29. f6 Rc7+ 30. Kd1 g5 31. h4 gxh4 32. Rh3 Kg8 33. Rxh4 Rc2 34. Rxh6 Rd7 35. Rdh2 Rxh2 36. Rxh2 Rc7 37. Nf5 Bxf5 38. gxf5 Rc5 39. e6 fxe6 40. fxe6 Re5 41. f7+ Kg7 42. Rg2+ Kf8 43. Rg8+ Ke7 44. f8=Q+ Kxe6 45. Rg6+ Kd5 46. Qd6+ Ke4 47. Rg4+ Kf5 48. Rg5+ Kxg5 49. Qxe5+ Kg4 50. Kd2 Kf3 51. Kxd3 1-0


[Site "https://www.chess.com"]

[Event "Titled Tuesday Blitz December 27 Late 2022"]
[White "Boros, Denes"]
[Black "Barp, Alberto"]
[WhiteFideId "722340"]
[BlackFideId "872555"]
[WhiteElo "2406"]
[BlackElo "2432"]
[Result "0-1"]
[Round "07"]
[TimeControl "180+2"]
[Date "2022.12.27"]
[WhiteClock "0:00:15"]
[BlackClock "0:00:16"]

1. e4 e5 2. Nf3 Nc6 3. Nc3 Nf6 4. Rb1 Bb4 5. Nd5 Nxe4 6. c3 Be7 7. d4 exd4 8. Bc4 O-O 9. O-O dxc3 10. Qd3 Nf6 11. Ng5 g6 12. Nxe7+ Qxe7 13. Qxc3 d5 14. Bb5 Qe5 15. Bxc6 Qxc3 16. bxc3 bxc6 17. Bf4 Ba6 18. Rfe1 Rfe8 19. Bxc7 Bd3 20. Rbc1 Bc4 21. a3 h6 22. Nf3 Ne4 23. Ne5 Rac8 24. Nxc4 dxc4 25. Bf4 Nxc3 26. Kf1 Nd5 27. Rxe8+ Rxe8 28. Rxc4 Nxf4 29. Rxf4 Re5 30. Ra4 a5 31. Rc4 Rb5 32. Rxc6 Rb3 33. g4 Rxa3 34. Ra6 Kg7 35. Kg2 g5 36. h3 f6 37. Kh2 Kg6 38. Kg2 Kg7 39. Ra7+ Kg6 40. Ra6 Ra4 41. Kg3 Ra1 42. Kg2 Kf7 43. Kf3 a4 44. Ke4 Kg6 45. Kf3 a3 46. Kg2 Kf7 47. Kf3 Ke7 48. Kg2 Kd7 49. Rxf6 Kc7 50. Rxh6 Kb7 51. Rh7+ Kb6 52. Rh5 a2 53. Rh6+ Kb5 54. Rh8 Rd1 55. Rb8+ Kc6 56. Ra8 a1=Q 57. Rxa1 Rxa1 58. Kg3 Kd5 59. h4 Ra3+ 0-1


[Site "https://www.chess.com"]

[Event "Titled Tuesday Blitz December 27 Late 2022"]
[White "Della Corte, Alessandro"]
[Black "Moral Garcia, Serafin"]
[WhiteFideId "813540"]
[BlackFideId "2201925"]
[WhiteElo "2160"]
[BlackElo "2238"]
[Result "0-1"]
[Round "07"]
[TimeControl "180+2"]
[Date "2022.12.27"]
[WhiteClock "0:01:01"]
[BlackClock "0:00:54"]

1. d4 Nf6 2. c4 g6 3. Nf3 Bg7 4. Nc3 d5 5. cxd5 Nxd5 6. Bd2 O-O 7. Rc1 Nc6 8. e3 Nb6 9. Bb5 e5 10. Bxc6 exd4 11. Nxd4 bxc6 12. O-O c5 13. Nb3 c4 14. Na5 Qg5 15. Ne4 Qd5 16. Qc2 Bf5 17. f3 Rfe8 18. Nxc4 Nxc4 19. Qxc4 Bxe4 20. fxe4 Qxd2 21. Qxf7+ Kh8 22. Rxc7 Rg8 23. h4 Qxe3+ 24. Kh2 Qxe4 25. Rf4 Qe5 26. Re7 Qxb2 27. h5 Raf8 28. hxg6 Rxf7 29. gxf7 Rf8 30. Re8 Qe5 0-1


[Site "https://www.chess.com"]

[Event "Titled Tuesday Blitz December 27 Late 2022"]
[White "Dias, Joao Batista"]
[Black "Bas Mas, Jose Joaquin"]
[WhiteFideId "2108240"]
[BlackFideId "22219064"]
[WhiteElo "1796"]
[BlackElo "2197"]
[Result "0-1"]
[Round "07"]
[TimeControl "180+2"]
[Date "2022.12.27"]
[WhiteClock "0:01:01"]
[BlackClock "0:00:48"]

1. e4 c5 2. Nf3 d6 3. d3 g6 4. Be2 Bg7 5. c3 e6 6. O-O Ne7 7. Re1 O-O 8. Nbd2 Nbc6 9. Nf1 b5 10. a3 a5 11. Bg5 h6 12. Bh4 Rb8 13. Bg3 b4 14. axb4 axb4 15. Qd2 bxc3 16. bxc3 Rb3 17. Rec1 Qc7 18. Bd1 Rb6 19. Ne3 Rd8 20. Nc4 Rb8 21. h3 Ne5 22. Nfxe5 dxe5 23. Qe3 Bd7 24. d4 Bb5 25. Nxe5 Nc6 26. Nxc6 Qxc6 27. Bxb8 Rxb8 28. Rab1 Rc8 29. Be2 Bxe2 30. Qxe2 cxd4 31. cxd4 Qxc1+ 32. Rxc1 Rxc1+ 33. Kh2 Rc8 34. d5 exd5 35. exd5 Rd8 36. Qe4 Bf6 37. g3 Kg7 38. Kg2 h5 39. h4 Rd6 40. f4 Rd8 41. f5 Rd6 42. fxg6 fxg6 43. Kf3 Kf7 44. Ke3 Kg7 45. Kd3 Kf7 46. Kc4 Rd8 47. Qe6+ Kg7 48. d6 g5 49. hxg5 Bxg5 50. Kd5 Bf6 51. Kc6 Kg6 52. Kc7 Kg7 53. d7 Rf8 54. Qe8 h4 55. g4 Bg5 56. Qe5+ Bf6 57. Qf5 Bd8+ 58. Kc8 Rxf5 59. gxf5 Be7 0-1


[Site "https://www.chess.com"]

[Event "Titled Tuesday Blitz December 27 Late 2022"]
[White "Eggleston, Thomas A"]
[Black "Marcolino, Daniel Mattos"]
[WhiteFideId "412139"]
[BlackFideId "2106841"]
[WhiteElo "2215"]
[BlackElo "2006"]
[Result "1-0"]
[Round "07"]
[TimeControl "180+2"]
[Date "2022.12.27"]
[WhiteClock "0:00:36"]
[BlackClock "0:00:13"]

1. d4 d5 2. c4 e6 3. Nc3 Nf6 4. Bg5 Be7 5. e3 h6 6. Bh4 O-O 7. cxd5 exd5 8. Bd3 c6 9. Qc2 Nbd7 10. Nge2 Re8 11. O-O Nf8 12. f3 Ne6 13. Kh1 c5 14. Bf5 cxd4 15. exd4 Qb6 16. Rad1 Rd8 17. a3 Nf8 18. Bd3 Be6 19. Na4 Qd6 20. Bg3 Qd7 21. Nc5 Bxc5 22. dxc5 Rac8 23. b4 a6 24. Nd4 a5 25. f4 Bg4 26. Rde1 Ne6 27. Nxe6 fxe6 28. h3 Bh5 29. Bh2 axb4 30. axb4 Bf7 31. f5 b6 32. fxe6 Bxe6 33. Bd6 bxc5 34. bxc5 d4 35. Rxe6 Qxe6 36. Bc4 Qxc4 37. Qxc4+ Kh8 38. Qxd4 1-0


[Site "https://www.chess.com"]

[Event "Titled Tuesday Blitz December 27 Late 2022"]
[White "Estrada Nieto, Julian"]
[Black "Ardila, Oscar Humberto"]
[WhiteFideId "5101018"]
[BlackFideId "4404742"]
[WhiteElo "2215"]
[BlackElo "1982"]
[Result "1-0"]
[Round "07"]
[TimeControl "180+2"]
[Date "2022.12.27"]
[WhiteClock "0:00:09"]
[BlackClock "0:00:04"]

1. Nf3 Nf6 2. c4 g6 3. b3 Bg7 4. Bb2 O-O 5. g3 d6 6. Bg2 Nbd7 7. O-O e5 8. d4 exd4 9. Nxd4 Re8 10. Nc3 Nc5 11. Re1 c6 12. e4 a5 13. h3 Qc7 14. Qd2 Bd7 15. Rad1 Rad8 16. f4 Bc8 17. Kh2 h5 18. Nc2 h4 19. g4 Ne6 20. Kh1 d5 21. e5 Ne4 22. Nxe4 dxe4 23. Qf2 Rxd1 24. Rxd1 Rd8 25. Rxd8+ Qxd8 26. Bxe4 Qd1+ 27. Kg2 Bh6 28. g5 Bg7 29. Ne3 Qd7 30. Ng4 Qd1 31. Nf6+ Bxf6 32. exf6 c5 33. Be5 Nd4 34. Bd5 Nf5 35. Bf3 Qc1 36. Qxc5 Qd2+ 37. Qf2 Qc1 38. Be4 Ne3+ 39. Kf3 Nd1 40. Qd4 Bxh3 41. Bxg6 fxg6 42. Qd8+ Kh7 43. Qe7+ Kh8 44. Qg7# 1-0


[Site "https://www.chess.com"]

[Event "Titled Tuesday Blitz December 27 Late 2022"]
[White "Fernandez Garcia, Gumersindo"]
[Black "Rose, Felix"]
[WhiteFideId "24516740"]
[BlackFideId "5105722"]
[WhiteElo "2160"]
[BlackElo "2091"]
[Result "1-0"]
[Round "07"]
[TimeControl "180+2"]
[Date "2022.12.27"]
[WhiteClock "0:00:19"]
[BlackClock "0:00:58"]

1. Nf3 d5 2. g3 c6 3. Bg2 Bf5 4. O-O h6 5. d3 Nf6 6. b3 e6 7. Bb2 Bd6 8. Nbd2 Nbd7 9. Re1 Bh7 10. e4 dxe4 11. dxe4 e5 12. Nc4 Bb4 13. Re3 O-O 14. Nfxe5 Nxe5 15. Nxe5 Re8 16. Nd3 Ba5 17. e5 Nd5 18. Bxd5 Qxd5 19. Qf3 Qe6 20. Nf4 Qf5 21. Nd3 Qe6 22. a3 Bb6 23. Re2 Rad8 24. Rd1 Bf5 25. Ree1 Bg4 26. Qf4 Bxd1 27. Rxd1 Rd5 28. Re1 Red8 29. h4 Bd4 30. Bxd4 Rxd4 31. Qe3 Qh3 32. Qf3 g5 33. hxg5 hxg5 34. Qg2 Qxg2+ 35. Kxg2 Kg7 36. Re2 Kg6 37. Re3 R8d5 38. f3 a5 39. f4 Kf5 40. Kf3 g4+ 41. Ke2 Rd8 42. Kd2 Rh8 43. Kc3 Rd5 44. b4 axb4+ 45. axb4 b5 46. Nf2 Rh2 47. Ne4 Rg2 48. Nd6+ Ke6 49. f5+ Kd7 50. Nxf7 c5 51. e6+ Ke7 52. f6+ Kxf6 53. e7 cxb4+ 54. Kb2 b3 55. Kxb3 Kxf7 56. e8=Q+ Kf6 57. Qe6+ Kg7 58. Qe7+ Kh6 59. Qf8+ Kg5 60. Qg7+ Kf5 61. Qf7+ Kg5 62. Qxd5+ Kf6 63. Re6+ Kf7 64. Qd7+ 1-0


[Site "https://www.chess.com"]

[Event "Titled Tuesday Blitz December 27 Late 2022"]
[White "Fernandez, Maria Florencia"]
[Black "Vega Gutierrez, Sabrina"]
[WhiteFideId "116459"]
[BlackFideId "2219026"]
[WhiteElo "2129"]
[BlackElo "2377"]
[Result "1-0"]
[Round "07"]
[TimeControl "180+2"]
[Date "2022.12.27"]
[WhiteClock "0:00:10"]
[BlackClock "0:00:02"]

1. d4 d5 2. c4 e6 3. Nc3 c6 4. e3 f5 5. Nf3 Nf6 6. Bd3 Bd6 7. O-O O-O 8. b3 b6 9. Bb2 Ne4 10. Ne5 Bb7 11. f3 Nxc3 12. Bxc3 Nd7 13. Nxd7 Qxd7 14. e4 fxe4 15. fxe4 c5 16. cxd5 Rxf1+ 17. Qxf1 Rf8 18. Qe2 exd5 19. e5 cxd4 20. Bxd4 Bc5 21. Bxc5 bxc5 22. e6 Qe7 23. Re1 Rf6 24. Qe5 Rf8 25. Qh5 g6 26. Qe5 a5 27. h4 a4 28. h5 axb3 29. axb3 Rf6 30. hxg6 hxg6 31. Bb5 Kg7 32. Bd7 c4 33. bxc4 Qc5+ 34. Qe3 Qe7 35. c5 Rf8 36. c6 Bc8 37. Qe5+ Kg8 38. Qxd5 Ba6 39. Qe5 Qf6 40. Qxf6 Rxf6 41. e7 1-0


[Site "https://www.chess.com"]

[Event "Titled Tuesday Blitz December 27 Late 2022"]
[White "Fishbein, Alexander"]
[Black "Dzierzak, Radoslaw"]
[WhiteFideId "2000377"]
[BlackFideId "1161407"]
[WhiteElo "2366"]
[BlackElo "2220"]
[Result "1-0"]
[Round "07"]
[TimeControl "180+2"]
[Date "2022.12.27"]
[WhiteClock "0:01:22"]
[BlackClock "0:00:39"]

1. c4 Nf6 2. Nc3 e6 3. e4 e5 4. Nf3 Nc6 5. d3 Bc5 6. Be2 d6 7. O-O a6 8. Be3 O-O 9. a3 Ng4 10. Qd2 Nxe3 11. fxe3 f5 12. d4 Ba7 13. c5 exd4 14. exd4 dxc5 15. d5 fxe4 16. dxc6 exf3 17. Bc4+ Kh8 18. Rxf3 b5 19. Raf1 Bf5 20. Qxd8 Raxd8 21. Rxf5 Rxf5 22. Rxf5 bxc4 23. Rd5 Rxd5 24. Nxd5 c3 25. bxc3 c4+ 26. Kf1 Kg8 27. Nxc7 Kf7 28. Nxa6 Ke7 29. Nb4 Kd6 30. Ke2 h5 31. Kf3 g5 32. Ke4 g4 33. h3 gxh3 34. gxh3 Bf2 35. a4 Bg3 36. Kd4 Kc7 37. Kxc4 Kb6 38. Kd5 Be1 39. a5+ Kc7 40. Kc5 Bxc3 41. Nd5+ Kc8 42. Nxc3 1-0


[Site "https://www.chess.com"]

[Event "Titled Tuesday Blitz December 27 Late 2022"]
[White "Fisher_TheGalactic"]
[Black "Shapiro, Daniel"]
[BlackFideId "2001780"]
[WhiteElo "2477"]
[BlackElo "2284"]
[Result "1-0"]
[Round "07"]
[TimeControl "180+2"]
[Date "2022.12.27"]
[WhiteClock "0:00:34"]
[BlackClock "0:00:01"]

1. Nf3 Nf6 2. g3 d5 3. Bg2 e6 4. O-O Be7 5. d3 c5 6. Nbd2 Nc6 7. e4 b6 8. exd5 Nxd5 9. Nc4 Qc7 10. Re1 Bf6 11. c3 Bb7 12. Bg5 O-O-O 13. a4 Rd7 14. Bxf6 gxf6 15. Qe2 Nde7 16. Red1 Rhd8 17. Ne3 Ba6 18. Ne1 Ne5 19. Nc4 Nxd3 20. Qe4 f5 21. Qa8+ Qb8 22. Nxb6+ axb6 23. Qxa6+ Kc7 24. Rxd3 Rxd3 25. Nxd3 Rd6 26. a5 b5 27. Nxc5 Rxa6 28. Nxa6+ 1-0


[Site "https://www.chess.com"]

[Event "Titled Tuesday Blitz December 27 Late 2022"]
[White "Floresvillar Gonzalez, Luis Migu"]
[Black "Torres Boch, Jose Francisco"]
[WhiteFideId "5100542"]
[BlackFideId "2278383"]
[WhiteElo "2043"]
[BlackElo "2180"]
[Result "1-0"]
[Round "07"]
[TimeControl "180+2"]
[Date "2022.12.27"]
[WhiteClock "0:01:37"]
[BlackClock "0:01:36"]

1. e4 c5 2. d4 cxd4 3. c3 d3 4. Bxd3 g6 5. Nf3 Bg7 6. Nbd2 d6 7. Qb3 Nf6 8. h4 O-O 9. h5 Nxh5 10. Nc4 Nf6 11. Bh6 Be6 12. Qc2 Qc7 13. Ne3 Nbd7 14. O-O-O Nc5 15. Bxg7 Kxg7 16. Kb1 Nxd3 17. Qxd3 a5 18. Ng5 Bd7 19. Nd5 h6 20. Nxc7 hxg5 21. Nxa8 1-0


[Site "https://www.chess.com"]